 Dungeon Crawl Stone Soup version 0.31-a0-1625-g1a3bd5d (webtiles) character file.

Game seed: 7591286309375566718

259 PidgeyThePirate the Ducker (level 5, -11/42 HPs)
             Began as a Demonspawn Monk on Jan 11, 2024.
             Mangled by Menkaure (19 damage)
             ... on level 4 of the Dungeon.
             The game lasted 00:06:26 (4101 turns).

PidgeyThePirate the Ducker (Demonspawn Monk)        Turns: 4101, Time: 00:06:28

Health: -11/42     AC:  5    Str: 19    XL:     5   Next: 95%
Magic:  14/14      EV: 12    Int: 10    God:
Gold:   252        SH:  0    Dex: 16    Spells: 4/4 levels left

rFire   . . .        a - +0 short sword
rCold   . . .        (no shield)
rNeg    . . .        y - +0 ring mail
rPois   .            (no helmet)
rElec   .            (no cloak)
rCorr   .            (no gloves)
SInv    .            (no boots)
Will    .....        (no amulet) Stlth
                     f - ring of magical power
HPRegen 0.27/turn    w - +6 ring of strength
MPRegen 0.14/turn

%: no passive effects
@: confused
A: large bone plates 1, demonic touch 1
a: no special abilities


You were on level 4 of the Dungeon.
You visited 1 branch of the dungeon, and saw 4 of its levels.

You collected 252 gold pieces.

Inventory:

Hand Weapons
 a - a +0 short sword (weapon)
Armour
 b - a +0 robe
 d - an orb of light
 l - a +0 leather armour
 y - a +0 ring mail (worn)
Jewellery
 f - a ring of magical power (left hand)
 w - a +6 ring of strength (right hand)
Wands
 e - a wand of charming (10)
Scrolls
 c - a scroll of immolation {unknown}
 g - a scroll of revelation {unknown}
 h - 2 scrolls of identify {unknown}
 i - 2 scrolls of teleportation {unknown}
 j - 2 scrolls of amnesia {unknown}
 m - a scroll of fear {unknown}
 n - 4 scrolls of noise {unknown}
 o - a scroll of acquirement {unknown}
 q - a scroll of poison {unknown}
 r - 2 scrolls of blinking {unknown}
 v - a scroll of enchant weapon {unknown}
Potions
 k - a potion of curing
 p - a potion of degeneration {unknown}
 s - a potion of enlightenment
 t - a potion of brilliance {unknown}
 u - a potion of heal wounds {unknown}
 x - a potion of magic {unknown}
 z - a potion of cancellation {unknown}


   Skills:
 + Level 3.8 Fighting
 + Level 3.9 Short Blades
 + Level 1.9 Armour
 + Level 4.2 Dodging
 + Level 0.2 Stealth


You had 4 spell levels left.
You didn't know any spells.
Your spell library was empty.

Dungeon Overview and Level Annotations

Branches:
Dungeon (4/15)
 Temple: D:4-7

Altars:

Annotations:
D:4 2 transporters, Menkaure; Sigmund; wqsa789's ghost, amateur FoFi


Innate Abilities, Weirdness & Mutations

You are partially covered in large bone plates. (SH +4)
Your touch may inflict minor irresistible damage on your foes.


Message History

Something hits you.
A magic dart appears from out of thin air!
The magic dart hits you.
A magic dart appears from out of thin air!
The magic dart hits you!
Menkaure wails, "Why can't you leave me to my rest?"
Menkaure mumbles some strange words.
Menkaure seems to speed up.
There is a stone staircase leading up here.
You climb upwards.
Reactivating autopickup.
There is a stone staircase leading down here.
HP restored.
Done exploring.
You climb downwards.
Level annotation: 2 transporters, Menkaure; Sigmund; wqsa789's ghost, amateur FoFi Menkaure mumbles some strange words.
Menkaure seems to speed up.
There is a stone staircase leading up here.
Sigmund casts a spell at you.
You are confused.
You bump into the rock wall.
Sigmund gestures at you while chanting. The magic dart hits you.
You closely miss Menkaure.
Sigmund hits you from afar with a +0 scythe.
Menkaure hits you.
There is a stone staircase leading up here.
Menkaure closely misses you.
In your confused state, you trip and fall back down the stairs.
Menkaure closely misses you.
Sigmund giggles. "Time to reap what you sow."
Sigmund closely misses you. Menkaure hits you!!
Ouch! That really hurt!
* * * LOW HITPOINT WARNING * * *
In your confused state, you trip and fall back down the stairs.
* * * LOW HITPOINT WARNING * * *
Menkaure hits you!!
You die...

....... ....... #
....... #. .......
#####.######### .......
..............# .......
#(#|# .## ....... #.#.#
... .......
#####...####.# .......
#.......@#...# #.#####
#.###...M..### ...
.....##@#...# ####
######......#.#
########..###...#
########...............#
..........#####..#####.#
............# #..# ..
########..#.# #..#


You could see Sigmund and Menkaure (fast).

Vanquished Creatures
  A hound (D:3)
  A jelly (D:4)
  Natasha (thrice) (D:3)
  4 adders
  A shadow imp (D:4)
  2 dart slugs (D:1)
  4 ribbon worms
  5 ball pythons
  10 bats
  6 endoplasms
  A giant cockroach (D:3)
  5 hobgoblins
  3 jackals (D:1)
  8 kobolds
  2 quokkas (D:1)
  2 frilled lizards
  6 goblins
  3 rats
67 creatures vanquished.

Notes
Turn   | Place    | Note
-------+----------+-------------------------------------------
     0 | D:1      | PidgeyThePirate the Demonspawn Monk began the quest for the
                  | Orb.
     0 | D:1      | Reached XP level 1. HP: 18/18 MP: 1/1
   148 | D:1      | Gained mutation: Your touch may inflict minor irresistible
                  | damage on your foes. [demonic ancestry]
   148 | D:1      | Reached XP level 2. HP: 24/24 MP: 2/2
   260 | D:1      | Reached skill level 3 in Dodging
   609 | D:1      | Reached XP level 3. HP: 25/29 MP: 3/3
  1096 | D:2      | Found a faded altar of an unknown god.
  1580 | D:2      | Reached XP level 4. HP: 20/35 MP: 4/4
  2426 | D:3      | Noticed Natasha
  2438 | D:3      | Killed Natasha
  2653 | D:3      | Noticed Natasha
  2716 | D:3      | Killed Natasha
  2717 | D:3      | Reached skill level 1 in Armour
  2717 | D:3      | Gained mutation: You are partially covered in large bone
                  | plates. (SH +4) [demonic ancestry]
  2717 | D:3      | Reached XP level 5. HP: 18/42 MP: 5/5
  2748 | D:3      | Noticed Natasha
  2772 | D:3      | Killed Natasha
  2947 | D:3      | You fall into a shaft and drop 1 floor!
  3188 | D:3      | Reached skill level 4 in Dodging
  3661 | D:4      | Found a transporter.
  3665 | D:4      | Noticed wqsa789's ghost (amateur FoFi)
  3680 | D:4      | Found a transporter.
  3894 | D:4      | Noticed Sigmund
  3894 | D:4      | Noticed Menkaure
  4101 | D:4      | Mangled by Menkaure

Illustrated notes

Levels and vault maps discovered:
D:1:      erik_arrival_triangle_medium, layout_basic
D:2:      layout_loops_cross, shapermc_ecumenical_altar_starsandcircs,
          minivault_26, grunt_decor_junction, kennysheep_path_1,
          kennysheep_small_spiral, minivault_26
D:3:      layout_loops_ring, minivault_24, uniq_natasha
D:4:      layout_loops_ring, makhleb_blood_cavern_becter,
          nicolae_elyvilon_temple_path, marbit_many_paths,
          gammafunk_ghost_mausoleum, serial_shops, shop,
          serial_library_regret_index_double_sided,
          minmay_misc_feat_more_columns, uniq_pikel, uniq_sigmund, uniq_menkaure

Skill      XL: |  1  2  3  4  5 |
---------------+----------------+-----
Dodging        | 3 4 |  4.2
Short Blades   | 3 |  3.9
Armour         | 1 |  1.9
Fighting       | |  3.8
Stealth        | |  0.2

Action                     |  1- 3 |  4- 6 || total
---------------------------+-------+-------++-------
  Melee: Short sword       |   195 |   149 ||   344
         Touch             |       |    14 ||    14
         Punch             |       |     1 ||     1
    Use: Potion            |       |     4 ||     4
   Stab: Distracted        |       |     1 ||     1
 Armour: Robe              |   101 |       ||   101
         Leather armour    |       |    69 ||    69
         Ring mail         |       |    12 ||    12
  Dodge: Dodged            |   160 |    91 ||   251
  Block: Other             |       |     9 ||     9

Table legend: (Time is in decaauts)
 A = Elapsed time spent in this place.
 B = Non-inter-level travel time spent in this place.
 C = Inter-level travel time spent in this place.
 D = Time resting spent in this place.
 E = Time spent auto-exploring this place.
 F = Levels seen in this place.
 G = Mean time per level.
                   A        B        C        D        E       F      G
               +--------+--------+--------+--------+--------+-----+--------+
         Total |   4024 |   3773 |    251 |      0 |   2846 |   4 | 1006.0 |
       Dungeon |   4024 |   3773 |    251 |      0 |   2846 |   4 | 1006.0 |
               +--------+--------+--------+--------+--------+-----+--------+

Top non-repeatable levels by time:
     D:2: 1338 daAuts
     D:3: 1319 daAuts
     D:1: 1052 daAuts
     D:4: 313 daAuts
